 Dungeon Crawl Stone Soup version 0.27.1-2-g3b301248ec (webtiles) character file.

Game seed: 1524766679930549996

4505 barney the Transmogrifier (level 10, 0/87 (97) HPs)
             Began as a Purple Draconian Transmuter on Sept 30, 2021.
             Was an Initiate of Vehumet.
             Slain by a wight (15 damage)
             ... on level 8 of the Dungeon.
             The game lasted 00:32:24 (13136 turns).

barney the Transmogrifier (DrTm)                   Turns: 13136, Time: 00:32:25

HP:   0/87 (97)     AC:  7    Str: 18    XL:     10   Next: 16%
MP:   11/18         EV: 10    Int: 17    God:    Vehumet [......]
Gold: 374           SH:  0    Dex: 12    Spells: 6/19 levels left

rFire    x . .     SeeInvis .     - Unarmed
rCold    + + +     Faith    .   (shield currently unavailable)
rNeg     . . .     Spirit   .   (armour unavailable)
rPois    +         Reflect  .   (helmet currently unavailable)
rElec    .         Harm     .   (cloak currently unavailable)
rCorr    .         Rampage  .   (gloves currently unavailable)
Will     +....                  (boots currently unavailable)
Stlth    +.........             n - amulet of the acrobat
HPRegen  0.24/turn              d - +6 ring of strength
MPRegen  0.16/turn              a - ring of wizardry

@: swift (expiring), about to teleport, ice-form, wereblooded, drained, very
quick
A: freezing attack, amphibious, boosted hp, (breathe power), AC +7, large,
unfitting armour, (cold-blooded)
a: End Transformation, Renounce Religion


You were on level 8 of the Dungeon.
You worshipped Vehumet.
Vehumet was noncommittal.
You were a creature of crystalline ice.
You visited 2 branches of the dungeon, and saw 9 of its levels.

You collected 374 gold pieces.

Inventory:

Hand Weapons
 f - a +1 whip of draining
 l - a +5 great sword
 p - the +6 dagger "Pehi" (melded) {holy, SInv}
   (You found it on level 5 of the Dungeon)

   It has been blessed by the Shining One to cause great damage to the undead
   and demons.
   SInv:      It lets you see invisible.
 y - a +2 quarterstaff of chaos
Armour
 b - a +1 pair of gloves (melded)
 r - a +1 pair of boots (melded)
 x - a +0 cloak (melded)
Jewellery
 a - a ring of wizardry (right front paw)
 d - a +6 ring of strength (left front paw)
 h - a +4 ring of protection
 i - a ring of protection from cold
 m - a ring of magical power
 n - an amulet of the acrobat (around neck)
 o - a ring of willpower
Wands
 s - a wand of digging (3)
Scrolls
 e - 3 scrolls of teleportation
 g - a scroll of magic mapping
 j - 3 scrolls of identify
 k - 2 scrolls of amnesia
 t - 2 scrolls of enchant weapon
Potions
 c - 6 potions of curing


   Skills:
 - Level 5.3 Fighting
 - Level 2.4 Dodging
 - Level 7.5 Unarmed Combat
 - Level 5.3 Spellcasting
 - Level 4.2 Conjurations
 + Level 8.1 Transmutations
 - Level 3.2 Ice Magic
 + Level 1.8 Air Magic
 - Level 4.1 Earth Magic
 - Level 3.0 Evocations


You had 6 spell levels left.
You knew the following spells:

 Your Spells              Type           Power      Damage    Failure   Level
a - Beastly Appendage     Tmut           64%        N/A       1%          1
b - Ice Form              Ice/Tmut       23%        N/A       5%          4
c - Wereblood             Tmut           32%        N/A       1%          2
d - Stone Arrow           Conj/Erth      36%        3d9       3%          3
e - Swiftness             Air            10%        N/A       8%          3

Your spell library contained the following spells:

 Spells                   Type           Power      Damage    Failure   Level
 Shock                    Conj/Air       56%        1d6       1%          1
 Static Discharge         Conj/Air       14%        N/A       2%          2
 Spider Form              Tmut/Pois      9%         N/A       3%          3
 Dazzling Flash           Conj/Hex       22%        N/A       7%          3
 Mephitic Cloud           Conj/Pois/Air  11%        N/A       8%          3
 Call Imp                 Summ           4%         N/A       9%          2
 Iskenderun's Mystic Bla  Conj/Tloc      11%        2d4       22%         4
 Sticky Flame             Conj/Fire      11%        2d3       22%         4
 Airstrike                Air            5%         N/A       26%         4
 Dispel Undead            Necr           4%         3d7       45%         4
 Summon Mana Viper        Hex/Summ       4%         N/A       80%         5
 Starburst                Conj/Fire      5%         6d4       96%         6
 Storm Form               Tmut/Air       10%        N/A       99%         7
 Haunt                    Necr/Summ      2%         N/A       100%        7
 Lehudib's Crystal Spear  Conj/Erth      9%         10d4      100%        8
 Animate Armour           Summ/Erth      Unusable   N/A       N/A         4

Dungeon Overview and Level Annotations

Branches:
Dungeon (8/15)             Temple (1/1) D:7
   Lair: D:8-11

Altars:
Ashenzari
Cheibriados
Elyvilon
Fedhas
Hepliaklqana
Kikubaaqudgha
Makhleb
Nemelex Xobeh
Okawaru
Qazlal
Ru
Sif Muna
Trog
Uskayaw
Vehumet
Wu Jian
Xom
Yredelemnul
The Shining One

Shops:
D:7 *


Innate Abilities, Weirdness & Mutations

You are a creature of crystalline ice.
You have a powerful freezing melee attack.
You are amphibious.
Your maximum health is increased.
Your armour is entirely melded.
You are incapable of wielding weapons or throwing items.
((You can breathe bolts of dispelling energy.))
((Your rich purple scales are hard. (AC +7)))
You cannot fit into any form of body armour.
((You are cold-blooded and may be slowed by cold attacks.))


Message History

Your +0 cloak melds into your body.
Your +1 pair of gloves melds into your body.
Your +1 pair of boots melds into your body.
The +6 dagger "Pehi" {holy, SInv} stops glowing.
You climb downwards.
The hornet stings you but does no damage.
The hornet stings you!
The wight hits you with a +2 great sword!
You feel drained.
There is a stone staircase leading up, spattered with blood here.
You barely miss the hornet. The hornet barely misses you.
The wight barely misses you.
You barely miss the hornet. The hornet barely misses you.
The wight hits you with a +2 great sword.
You feel drained.
The hornet stings you but does no damage.
You pummel the hornet!! You freeze the hornet.
The hornet is severely wounded.
The hornet barely misses you.
The wight hits you with a +2 great sword!
You feel drained.
You barely miss the hornet.
The hornet is severely wounded.
The hornet stings you.
You feel yourself slow down. The wight hits you but does no damage.
You barely miss the hornet.
The hornet is severely wounded.
You start to feel a little slower.
You feel yourself speed up. The hornet stings you!
You feel yourself slow down. The hornet stings you!
* * * LOW HITPOINT WARNING * * *
The wight barely misses you. The hornet misses you.
As you read the scroll of teleportation, it crumbles to dust.
You feel strangely unstable.
You feel yourself speed up. The hornet stings you.
* * * LOW HITPOINT WARNING * * *
The wight closely misses you.
The hornet stings you but does no damage.
The wight hits you with a +2 great sword!
You die...

#############
#......^.....
#...............#
#...Y...........#
#..z.y..........#
#...............#
#...............#
#...............#
#####...........#
##......<.....#
#<.............>
#[..............


You could see a hornet and a wight.

Vanquished Creatures
  A two-headed ogre (D:6)
  Grinder (D:3)
  2 swamp worms (D:7)
  Edmund (D:5)
  4 orc warriors
  2 ice beasts (D:7)
  2 black bears
  2 sky beasts
  A necrophage (D:5)
  3 ogres
  3 centaurs
  A kobold brigand (D:7)
  2 bullfrogs
  A scorpion (D:3)
  A wyvern skeleton (D:7)
  A wyvern zombie (D:6)
  A water moccasin skeleton (D:7)
  4 killer bees (D:7)
  4 wights (D:7)
  The ghost of vvl the Insei, a weakling DsTm (D:3)
  4 howler monkeys
  A centaur zombie (D:6)
  A bullfrog zombie (D:5)
  Crazy Yiuf (D:7)
  3 bullfrog skeletons
  A hound (D:4)
  2 jellies
  2 orc priests
  A gnoll shaman (D:7)
  Terence (D:2)
  An iguana (D:4)
  6 orc wizards
  A hound skeleton (D:4)
  A howler monkey skeleton (D:7)
  A howler monkey zombie (D:5)
  8 gnolls
  13 adders
  An adder skeleton (D:4)
  3 worms
  2 dart slugs
  34 orcs
  7 ball pythons
  6 bats
  8 endoplasms
  4 giant cockroaches
  3 goblins (D:1)
  5 hobgoblins
  7 jackals
  14 kobolds
  2 quokkas
  3 frilled lizards
  6 rats
191 creatures vanquished.

Vanquished Creatures (others)
  3 fungi (D:7)
  4 plants (D:7)
7 creatures vanquished.

Grand Total: 198 creatures vanquished

Notes
Turn   | Place    | Note
-------+----------+-------------------------------------------
     0 | D:1      | barney the Draconian Transmuter began the quest for the
                  | Orb.
     0 | D:1      | Reached XP level 1. HP: 16/16 MP: 3/3
   180 | D:1      | Reached XP level 2. HP: 13/23 MP: 5/5
   349 | D:1      | Reached skill level 3 in Transmutations
   544 | D:1      | Found a faded altar of an unknown god.
   715 | D:2      | Reached XP level 3. HP: 27/28 MP: 4/6
   874 | D:2      | Reached skill level 4 in Transmutations
  1144 | D:2      | Noticed Terence
  1153 | D:2      | Killed Terence
  1154 | D:2      | Reached XP level 4. HP: 19/35 MP: 5/7
  2123 | D:3      | Reached skill level 5 in Transmutations
  2139 | D:3      | Noticed a scorpion
  2148 | D:3      | Killed a scorpion
  2149 | D:3      | Reached XP level 5. HP: 31/40 MP: 6/8
  2158 | D:3      | Learned a level 4 spell: Ice Form
  2159 | D:3      | Noticed Grinder
  3816 | D:3      | Found a runed translucent door.
  3826 | D:3      | Noticed vvl's ghost (weakling DsTm)
  3887 | D:3      | Found a runed translucent door.
  4268 | D:3      | Killed Grinder
  4269 | D:3      | Reached skill level 7 in Transmutations
  4269 | D:3      | Reached XP level 6. HP: 47/47 MP: 5/9
  5117 | D:3      | Killed vvl's ghost
  5118 | D:3      | Reached skill level 1 in Ice Magic
  5325 | D:4      | Your scales start taking on a rich purple colour.
  5325 | D:4      | Reached XP level 7. HP: 38/52 MP: 5/10
  5355 | D:4      | Learned a level 2 spell: Wereblood
  5425 | D:4      | Learned a level 3 spell: Stone Arrow
  6052 | D:4      | Reached skill level 1 in Conjurations
  6061 | D:4      | Reached skill level 1 in Earth Magic
  6235 | D:4      | Reached XP level 8. HP: 62/62 MP: 0/12
  6786 | D:5      | Entered Level 5 of the Dungeon
  6786 | D:5      | Noticed Edmund
  6792 | D:5      | Killed Edmund
  6992 | D:5      | Identified the +6 dagger "Pehi" {holy, SInv}
  7095 | D:5      | Reached skill level 5 in Unarmed Combat
  8579 | D:6      | Found a shimmering blue altar of Sif Muna.
  8605 | D:6      | Reached XP level 9. HP: 71/71 MP: 15/15
  8719 | D:6      | Noticed a two-headed ogre
  8726 | D:6      | Killed a two-headed ogre
  8727 | D:6      | Reached skill level 5 in Spellcasting
  8727 | D:6      | Reached skill level 1 in Evocations
  9089 | D:7      | Found Ziwoguna's General Store.
  9598 | D:7      | Found a staircase to the Ecumenical Temple.
 10156 | D:7      | Reached skill level 5 in Fighting
 11103 | D:7      | Found a runed translucent door.
 11104 | D:7      | Noticed Crazy Yiuf
 11109 | D:7      | Killed Crazy Yiuf
 11177 | D:8      | Reached XP level 10. HP: 81/81 MP: 11/18
 11503 | Temple   | Entered the Ecumenical Temple
 11713 | Temple   | Became a worshipper of Vehumet
 11734 | D:7      | Identified a scroll of acquirement
 11734 | D:7      | Acquired the Compendium of Supportive Feathers
 11740 | D:7      | Learned a level 3 spell: Swiftness
 12082 | D:7      | Reached skill level 1 in Air Magic
 12804 | D:7      | Reached skill level 8 in Transmutations
 13136 | D:8      | Slain by a wight

Illustrated notes

Levels and vault maps discovered:
D:1:      lightli_arrival_windingriver, layout_basic, basic_ecumenical_altar,
          corexii_item_surrounded_by_moat
D:2:      layout_loops_ring, uniq_terence
D:3:      layout_rooms, ebering_ghost_sewer_f, uniq_grinder
D:4:      layout_rooms
D:5:      layout_cave_pools, uniq_edmund
D:6:      layout_cave_pools, nicolae_overflow_crystal_walls
D:7:      layout_gridville, minmay_temple_entry_from_below_a, serial_shops,
          nicolae_shop_crystal, dk_noncrumbling_4, worms_lemuel,
          uniq_crazy_yiuf_cottage
D:8:      layout_rooms, grunt_temple_overflow_gold_and_silver, kennysheep_mini
Temple:   regret_index_temple_mists

Skill      XL: |  1  2  3  4  5  6  7  8  9 10 |
---------------+-------------------------------+-----
Transmutations | 3 4 5 7 8 |  8.1
Ice Magic      | 3 |  3.2
Fighting       | 2 4 5 |  5.3
Conjurations   | 1 3 4 |  4.2
Spellcasting   | 3 4 5 |  5.3
Earth Magic    | 1 3 4 |  4.1
Unarmed Combat | 4 6 7 |  7.5
Evocations     | 2 3 |  3.0
Dodging        | 2 |  2.4
Air Magic      | 1 |  1.8

Action                   |  1- 3 |  4- 6 |  7- 9 | 10-12 || total
-------------------------+-------+-------+-------+-------++-------
Melee: Long sword        |    27 |       |       |       ||    27
       Tailslap          |    11 |     6 |    13 |       ||    30
       Headbutt          |     5 |     9 |     7 |       ||    21
       Kick              |     9 |    20 |     9 |     1 ||    39
       Whip              |    36 |   119 |    39 |       ||   194
       Unarmed           |       |    13 |   143 |    36 ||   192
       Punch             |       |     1 |     4 |       ||     5
       Dagger            |       |       |    64 |     6 ||    70
 Cast: Beastly Appendage |    17 |    20 |    12 |     1 ||    50
       Ice Form          |       |     3 |    19 |     6 ||    28
       Stone Arrow       |       |       |    26 |     2 ||    28
       Wereblood         |       |       |     8 |     5 ||    13
       Swiftness         |       |       |       |     2 ||     2
 Abil: Breathe Dispellin |       |       |    16 |     3 ||    19
  Use: Potion            |     1 |     3 |     1 |     5 ||    10
       Scroll            |       |     5 |     3 |     5 ||    13
 Stab: Sleeping          |     1 |     1 |     1 |       ||     3
Armor: Skin              |    20 |    46 |    94 |    30 ||   190
Dodge: Dodged            |    41 |    81 |   155 |    59 ||   336
       Rpst.: Long sword |     8 |       |       |       ||     8
